 Dungeon Crawl Stone Soup version 0.14-a0-586-g2535b90 (webtiles) character file.

192 PolkaDot the Ruinous (level 4, 0/28 HPs)
             Began as a Vampire Wizard on Nov 3, 2013.
             Slain by a quokka (4 damage)
             ... on Level 3 of the Dungeon.
             The game lasted 00:09:26 (2013 turns).

PolkaDot the Ruinous (Vampire Wizard)               Turns: 2013, Time: 00:09:27

HP   0/28        AC  2     Str  6      XL: 4   Next: 49%
MP   0/12        EV 12     Int 21      God:
Gold 90          SH  0     Dex 12      Spells:  4 memorised,  0 levels left

Res.Fire  : . . .   See Invis. : +   t - +0 short sword
Res.Cold  : . . .   Warding    : .   p - +0 robe
Life Prot.: . . .   Conserve   : .   (no shield)
Res.Poison: .       Res.Corr.  : .   b - +0 wizard hat
Res.Elec. : .       Clarity    : .   (no cloak)
Sust.Abil.: . .     Spirit.Shd : .   (no gloves)
Res.Mut.  : .       Stasis     : .   (no boots)
Res.Rott. : .       Flight     : .   (no amulet)
Saprovore : . . .                    (no ring)
                                     m - ring of sustenance

@: regenerating quickly, very slightly contaminated, slightly resistant to
hostile enchantments, stealthy
A: fangs 3, see invisible, unbreathing
a: no special abilities


You were on level 3 of the Dungeon.
You were very full.

You visited 1 branch of the dungeon, and saw 3 of its levels.

You collected 90 gold pieces.

Inventory:

Hand weapons
 t - a +0,+0 short sword (weapon)
Armour
 b - a +0 wizard hat (worn)
 p - a +0 robe (worn)
Magical devices
 d - a wand of confusion (8) {unknown}
Scrolls
 f - 2 scrolls of remove curse {unknown}
 g - a scroll of curse jewellery {unknown}
 h - a scroll of enchant weapon I {unknown}
 j - 3 scrolls of blinking {unknown}
 k - a scroll of recharging {unknown}
 n - a scroll of enchant weapon II {unknown}
 q - a scroll of teleportation {unknown}
Jewellery
 m - a ring of sustenance (left hand)
 r - a cursed -2 ring of protection {unknown}
Potions
 e - 2 potions of heal wounds {unknown}
 o - a potion of porridge {unknown}
 s - a potion of restore abilities {unknown}
Books
 c - a book of Minor Magic

   Spells                             Type                      Level
   *Magic Dart                        Conjuration                  1
   Blink                              Translocation                2
   Call Imp                           Summoning                    2
   *Repel Missiles                    Charms/Air                   2
   Slow                               Hexes                        2
   *Conjure Flame                     Conjuration/Fire             3
   *Mephitic Cloud                    Conjuration/Poison/Air       3
 l - a book of Enchantments

   Spells                             Type                      Level
   Cause Fear                         Hexes                        4
   Silence                            Hexes/Air                    5
   Tukima's Dance                     Hexes                        5
   Deflect Missiles                   Charms/Air                   6
   Haste                              Charms                       6
   Discord                            Hexes                        8
Magical staves
 a - an uncursed staff of conjuration


   Skills:
 - Level 2.1 Dodging
 - Level 3.0 Stealth
 - Level 3.0 Spellcasting
 * Level 3.1 Conjurations
 + Level 0.4 Charms
   Level 1.0 Summonings
   Level 0.7 Translocations
 + Level 0.6 Air Magic


You couldn't memorise any spells.
You knew the following spells:

 Your Spells              Type           Power        Failure   Level  Hunger
a - Magic Dart            Conj           ###.         4%          1    None
b - Repel Missiles        Chrm/Air       #.........   17%         2    ##.....
d - Mephitic Cloud        Conj/Pois/Air  #.......     30%         3    ###....
s - Conjure Flame         Conj/Fire      #.......     24%         3    ###....


Dungeon Overview and Level Annotations

Branches:
Dungeon (3/27)

Altars:
Elyvilon


Innate Abilities, Weirdness & Mutations

Your natural rate of healing is unusually fast.
You have razor-sharp teeth.*
You have supernaturally acute eyesight.
You can survive without breathing.*


Message History

The orc is severely wounded.
The orc shouts!
The orc hits you.
* * * LOW HITPOINT WARNING * * *
You hit the orc.
You kill the orc!
You hit the orc but do no damage.
The orc hits you with an orcish hand axe.
* * * LOW HITPOINT WARNING * * *
There is a stone staircase leading down here.
Casting: Magic Dart
Confirm with . or Enter, or press ? or * to list all spells.
Aiming: Magic Dart
Press: ? - help, Shift-Dir - straight line, f - orc
Aim: an orc, wielding an orcish hand axe and wearing an orcish ring mail The magic dart hits the orc.
The orc is severely wounded.
The orc barely misses you. The quokka bites you.
You die...

#####
###############o...
#..>o.)............
#.@.#######.......#
#..r#.....#.......#
#...#.....#........
#...#.....#.......#
#...#.....#.......#
#.###..............
#. #.....#.......#
#. #.#####.......#
. #.# #########


You could see an orc and a quokka.

Vanquished Creatures
  Ijyb (D:2)
  Terence (D:3)
  2 adders (D:2)
  A giant gecko (D:1)
  2 oozes
  2 orcs (D:3)
  2 ball pythons (D:2)
  5 giant cockroaches
  8 hobgoblins
  3 bats
  4 giant newts
  5 goblins
  7 kobolds
  5 rats
48 creatures vanquished.

Notes
Turn   | Place    | Note
--------------------------------------------------------------
     0 | D:1      | PolkaDot, the Vampire Wizard, began the quest for the Orb.
     0 | D:1      | Reached XP level 1. HP: 11/11 MP: 6/6
   114 | D:1      | Reached skill level 1 in Conjurations
   182 | D:1      | Reached XP level 2. HP: 13/17 MP: 1/8
   817 | D:2      | Reached XP level 3. HP: 16/22 MP: 10/10
   855 | D:2      | Found a white marble altar of Elyvilon.
  1453 | D:2      | Noticed Ijyb
  1459 | D:2      | Learned a level 3 spell: Conjure Flame
  1463 | D:2      | Learned a level 3 spell: Mephitic Cloud
  1549 | D:2      | Killed Ijyb
  1549 | D:2      | Reached XP level 4. HP: 28/28 MP: 0/12
  1664 | D:2      | Learned a level 2 spell: Repel Missiles
  1723 | D:3      | Noticed Terence
  1866 | D:3      | Killed Terence
  2013 | D:3      | Slain by a quokka

Action                   |  1- 3 |  4- 6 || total
-------------------------+-------+-------++-------
Melee: Dagger            |    65 |       ||    65
       Staff             |     7 |    10 ||    17
       Short sword       |       |     3 ||     3
 Cast: Magic Dart        |    77 |    21 ||    98
       Conjure Flame     |     3 |     5 ||     8
       Mephitic Cloud    |     1 |     1 ||     2
  Use: Potion            |     1 |       ||     1
 Stab: Sleeping          |     3 |       ||     3
       Confused          |       |     1 ||     1
